 Dungeon Crawl Stone Soup version 0.20-a0-1017-gc3250ce (webtiles) character file.

237 HankScorpio the Cudgeler (level 6, 0/37 HPs)
             Began as a Gargoyle Gladiator on Apr 17, 2017.
             Killed by divine providence
             ... invoked by an orc priest
              (12 damage)
             ... on level 3 of the Dungeon.
             The game lasted 00:04:00 (1770 turns).

HankScorpio the Cudgeler (Gargoyle Gladiator)       Turns: 1770, Time: 00:04:00

Health: 0/37       AC: 17    Str: 17    XL:     6   Next: 6%
Magic:  6/6        EV: 11    Int:  9    God:
Gold:   139        SH:  0    Dex: 15    Spells: 5/5 levels left

rFire    + . .     SeeInvis .   a - +0 flail
rCold    x . .     Gourm    .   (no shield)
rNeg     + . .     Faith    .   v - +2 scale mail {MR+}
rPois    ∞         Spirit   .   j - +2 helmet
rElec    +         Reflect  .   (no cloak)
rCorr    .         Harm     .   r - +0 pair of gloves
MR       +....                  o - +0 pair of boots
Stlth    ..........             (no amulet)
Regen    0.2/turn               t - ring of fire
MPRegen  0.1/turn               n - +2 ring of dexterity

@: no status effects
A: negative energy resistance 1, electricity resistance, unbreathing,
petrification resistance, rot immunity, AC +4
a: no special abilities


You were on level 3 of the Dungeon.
You were very hungry.

You visited 1 branch of the dungeon, and saw 3 of its levels.

You collected 139 gold pieces.

Inventory:

Hand Weapons
 a - a +0 flail (weapon)
Missiles
 d - 3 throwing nets (quivered)
Armour
 j - a +2 helmet (worn)
 o - a +0 pair of boots (worn)
 r - a +0 pair of gloves (worn)
 v - a +2 scale mail of magic resistance (worn)
Jewellery
 h - an uncursed ring of ice
 n - a +2 ring of dexterity (right hand)
 t - a ring of fire (left hand)
Scrolls
 c - a scroll of enchant armour {unknown}
 e - 2 scrolls of teleportation {unknown}
 g - 6 scrolls of identify {unknown}
 p - a scroll of magic mapping {unknown}
 u - a scroll of remove curse {unknown}
 w - a scroll of recharging {unknown}
Potions
 b - a potion of flight {unknown}
 i - a potion of brilliance
 l - 2 potions of curing {unknown}
 m - a potion of haste {unknown}
 q - a potion of magic {unknown}
 s - a potion of lignification {unknown}
Comestibles
 f - 2 bread rations
 k - a meat ration


   Skills:
 + Level 3.2 Fighting
 + Level 5.1 Maces & Flails
 + Level 1.8 Throwing
 + Level 1.4 Armour
 + Level 3.2 Dodging
 + Level 1.2 Stealth


You had 5 spell levels left.
You didn't know any spells.

Dungeon Overview and Level Annotations

Branches:
Dungeon (3/15)

Altars:
Ashenzari


Innate Abilities, Weirdness & Mutations

You are resistant to torment.
Your stone body is resilient. (AC +4)
You are immune to poison.
You resist negative energy. (rN+)
You are resistant to electric shocks. (rElec)
You can survive without breathing.
You are immune to petrification.
You are immune to rotting.


Message History

The orc priest is severely wounded.
The orc priest hits you but does no damage.
You closely miss the orc priest.
The orc priest is severely wounded.
The orc priest mumbles some strange prayers to Beogh against you.
Beogh smites you!
The orc priest miscasts a cantrip.
The orc priest closely misses you.
You hit the orc priest.
You kill the orc priest!
You have reached level 6!
Your experience leads to an increase in your attributes!
Your base attributes are Str 17, Int 9, Dex 12.
Increase (S)trength, (I)ntelligence, or (D)exterity?
You feel agile.
You sock the orc priest!
The orc priest is almost dead.
The orc priest invokes the aid of Beogh against you.
Beogh smites you!
You die...

#.# #.# #.# #.#
#.# #.# # #.#
#.# #. #.# #.#
#.o########.####
#.#
#oooo@.........#
#.#
#.g#########.#.#
#.# ..(o #.#.#
#.# ....
#.#.#####.# ...
#.#........ ..
#.#....#### .
#.##.#.#
..##.#.###
#.....##


You could see an orc priest, an orc wizard, 3 orcs and a goblin.

Vanquished Creatures
  An orc priest (D:3)
  Natasha (thrice) (D:2)
  Terence (D:2)
  Robin (D:2)
  3 adders (D:2)
  A worm (D:2)
  2 dart slugs (D:1)
  5 leopard geckos
  An orc (D:3)
  3 giant cockroaches
  10 hobgoblins
  2 bats (D:1)
  2 frilled lizards (D:1)
  14 goblins
  5 kobolds
  4 rats
58 creatures vanquished.

Notes
Turn   | Place    | Note
-------+----------+-------------------------------------------
     0 | D:1      | HankScorpio the Gargoyle Gladiator began the quest for the Orb.
     0 | D:1      | Reached XP level 1. HP: 12/12 MP: 1/1
   188 | D:1      | Reached XP level 2. HP: 18/18 MP: 2/2
   581 | D:1      | Reached XP level 3. HP: 22/22 MP: 3/3
  1006 | D:2      | Noticed Robin
  1031 | D:2      | Reached XP level 4. HP: 11/27 MP: 4/4
  1052 | D:2      | Killed Robin
  1052 | D:2      | Reached skill level 4 in Maces & Flails
  1217 | D:2      | Noticed Terence
  1229 | D:2      | Killed Terence
  1229 | D:2      | Reached skill level 1 in Stealth
  1249 | D:2      | Noticed Natasha
  1265 | D:2      | Killed Natasha
  1265 | D:2      | Reached skill level 1 in Armour
  1265 | D:2      | Reached XP level 5. HP: 21/32 MP: 5/5
  1429 | D:2      | Found a shattered altar of Ashenzari.
  1563 | D:2      | Noticed Natasha
  1571 | D:2      | Killed Natasha
  1576 | D:2      | Noticed Natasha
  1584 | D:2      | Killed Natasha
  1584 | D:2      | Reached skill level 5 in Maces & Flails
  1769 | D:3      | Reached XP level 6. HP: 11/37 MP: 6/6
  1770 | D:3      | Killed from afar by an orc priest

Vault maps used:
D:1:      evilmike_arrival_crescent, serial_forest, infiniplex_forest_lined_2,
          infiniplex_forest_clump_double, infiniplex_forest_lined_corner,
          infiniplex_forest_zigzag_1
D:2:      overflow_temple_1_default, uniq_terence, uniq_natasha, uniq_robin
D:3:      zin_statuary

Skill      XL: |  1  2  3  4  5 |
---------------+----------------+-----
Maces & Flails | 4 5 |  5.1
Dodging        | 3 |  3.2
Stealth        | 1 |  1.2
Armour         | 1 |  1.4
Fighting       | 3 |  3.2
Throwing       | |  1.8

Action                   |  1- 3 |  4- 6 || total
-------------------------+-------+-------++-------
Melee: Flail             |   110 |    97 ||   207
  Use: Potion            |       |     2 ||     2
  Eat: Chunk             |       |     2 ||     2
Armor: Leather armour    |    54 |    22 ||    76
       Scale mail        |       |    24 ||    24
Dodge: Dodged            |    89 |    56 ||   145
